St.Louis Blues vs Tampa Bay Lightning
(R1)
Created - Friday, December 20, 2024 at 07:50
Goals
|
| St.Louis Blues |
0 |
1 |
0 |
1 |
| Tampa Bay Lightning |
0 |
1 |
2 |
3 |
|
Shots
|
| St.Louis Blues |
15 |
8 |
10 |
33 |
| Tampa Bay Lightning |
6 |
16 |
8 |
30 |
|
1st period
No Goal
Penalties :
Alex Tuch (STL) for High sticking (Minor) at 1:56, Jason Dickinson (TBL) for Boarding (Minor) at 5:40, Hampus Lindholm (TBL) for Holding (Minor) at 10:30, Logan O'Connor (STL) for Tripping (Minor) at 17:44
2nd period
1. St.Louis Blues , Tage Thompson 1 (Elias Lindholm 3, Colton Parayko 2) at 7:11
2. Tampa Bay Lightning , Roope Hintz 2 (TJ Brodie 1) at 8:03
Penalties :
Dakota Joshua (STL) for Tripping (Minor) at 8:42, Connor Hellebuyck (STL) for Slashing (Minor) at 16:38 - Elias Pettersson served the penalty, Dakota Joshua (STL) for Slashing (Minor) at 16:41
3rd period
3. Tampa Bay Lightning , Anze Kopitar 3 (Kirill Kaprizov 4, Jonathan Huberdeau 3) at 0:16
4. Tampa Bay Lightning , Roope Hintz 3 (Michael Matheson 2, Johnny Gaudreau 2) at 3:26
Penalties :
Travis Konecny (TBL) for Holding (Minor) at 4:42, Alex Tuch (STL) for Tripping (Minor) at 15:14
Goalie Stats
Connor Hellebuyck (STL), 27 saves from 30 shots - (0.900), L, 3-2-1, 60:00 minutes
Jeremy Swayman (TBL), 32 saves from 33 shots - (0.970), W, 3-2-1, 60:00 minutes
Players Stats for St.Louis Blues
Player Name G A P +/- PIM S H SB GA TA FO MP PP MP PK MP
------------------------------------------------------------------------------------
Alex Pietrangelo 0 0 0 -1 0 2 2 1 0 1 0/0 22:20 2:59 0:00
Alex Tuch 0 0 0 -1 4 1 4 0 1 0 0/0 15:51 2:59 0:00
Claude Giroux 0 0 0 -1 0 0 0 0 0 0 10/15 15:12 2:58 0:00
Colton Parayko 0 1 1 -1 0 0 2 2 0 1 0/0 24:32 0:00 5:29
Dakota Joshua 0 0 0 1 4 2 1 0 0 0 0/0 15:29 3:23 2:37
Elias Lindholm 0 1 1 1 0 4 0 0 1 0 6/14 17:30 3:23 5:02
Elias Pettersson 0 0 0 -2 0 3 4 1 1 1 1/1 20:13 2:34 1:02
Jaccob Slavin 0 0 0 0 0 3 2 0 1 0 0/0 19:05 0:00 4:29
Jake Guentzel 0 0 0 -2 0 4 0 0 3 0 0/2 18:46 2:34 0:00
Jake Sanderson 0 0 0 0 0 0 0 1 1 0 0/0 19:58 0:00 5:29
Lars Eller 0 0 0 0 0 0 1 2 0 0 3/5 11:02 0:00 4:27
Logan O'Connor 0 0 0 0 2 3 1 0 1 0 0/0 9:33 0:00 2:50
Mark Stone 0 0 0 -1 0 2 0 0 0 0 0/0 15:13 3:23 0:00
Mikhail Sergachev 0 0 0 -1 0 1 0 1 0 0 0/0 9:45 0:00 0:00
Nick Leddy 0 0 0 -1 0 0 0 0 0 1 0/0 14:37 0:00 4:29
Robert Thomas 0 0 0 -2 0 3 2 0 1 0 11/27 20:45 2:34 2:01
Tage Thompson 1 0 1 1 0 3 0 0 0 0 0/0 12:12 2:58 0:00
Yanni Gourde 0 0 0 0 0 2 0 0 0 0 0/0 5:58 0:00 0:00
Players Stats for Tampa Bay Lightning
Player Name G A P +/- PIM S H SB GA TA FO MP PP MP PK MP
------------------------------------------------------------------------------------
Alexander Kerfoot 0 0 0 0 0 0 1 1 0 0 1/1 9:40 0:00 2:43
Anze Kopitar 1 0 1 1 0 6 0 0 0 4 16/28 21:07 4:59 1:06
Brent Burns 0 0 0 1 0 0 1 4 0 0 0/0 19:03 5:15 3:05
Darnell Nurse 0 0 0 1 0 1 2 0 0 0 0/0 22:10 5:15 1:18
Dylan Cozens 0 0 0 0 0 0 0 0 0 0 1/3 11:34 0:00 2:43
Gustav Nyquist 0 0 0 0 0 2 0 0 2 0 0/2 11:55 4:55 0:00
Hampus Lindholm 0 0 0 0 2 0 1 0 0 0 0/0 19:07 0:00 1:34
Jack Roslovic 0 0 0 0 0 0 0 0 0 0 0/0 6:13 0:00 0:00
Jason Dickinson 0 0 0 0 2 2 2 1 0 1 1/4 10:16 0:00 2:08
Johnny Gaudreau 0 1 1 1 0 5 2 0 0 0 0/2 18:41 4:59 0:00
Jonathan Huberdeau 0 1 1 1 0 2 2 0 0 0 1/1 15:17 0:04 0:00
Kirill Kaprizov 0 1 1 1 0 6 2 1 1 0 1/2 20:06 4:59 0:02
Michael Matheson 0 1 1 1 0 0 3 1 0 1 0/0 23:25 4:43 2:52
Moritz Seider 0 0 0 0 0 1 1 1 0 1 0/0 26:09 4:43 3:05
Roope Hintz 2 0 2 1 0 3 1 0 0 0 12/20 18:26 4:55 0:00
TJ Brodie 0 1 1 1 0 0 1 0 0 1 0/0 10:06 0:00 0:00
Travis Konecny 0 0 0 1 2 1 4 0 0 2 0/1 18:51 4:59 0:00
Trevor Moore 0 0 0 0 0 1 0 0 1 0 0/0 11:54 0:04 3:12
3 Stars
1 - Roope Hintz (TBL)
2 - Jeremy Swayman (TBL)
3 - Anze Kopitar (TBL)
Power Play
St.Louis Blues - 0 on 3 Attempt(s) - 0.00%
Tampa Bay Lightning - 0 on 6 Attempt(s) - 0.00%
Penalty Kill
St.Louis Blues - 6 on 6 Attempt(s) - 100.00%
- Score 0 goal in Penalty Kill
Tampa Bay Lightning - 3 on 3 Attempt(s) - 100.00%
- Score 0 goal in Penalty Kill
Team Stat
St.Louis Blues - Hits : 19 - Faceoff Wins : 31 - Blocked Shots : 8 - Penalty Minutes : 12
Tampa Bay Lightning - Hits : 23 - Faceoff Wins : 33 - Blocked Shots : 9 - Penalty Minutes : 6
Official
Referees : Eric Furlatt and Reid Anderson
Linesman : Dan Kelly and Kiel Murchison
Game Notes
No Game Note
Finance
Level 1 -- Attendance: 6000 (100.00%) -- Ticket Income $570,000
Level 2 -- Attendance: 5000 (100.00%) -- Ticket Income $275,000
Level 3 -- Attendance: 3000 (100.00%) -- Ticket Income $96,000
Level 4 -- Attendance: 5000 (100.00%) -- Ticket Income $110,000
Luxury Box -- Attendance: 1000 (100.00%) -- Ticket Income $193,000
Game was played at the Tampa Bay Times Forum.
Total Attendance: 20000 (100.00%)
Total Ticket Income: $1,244,000
Other Income: $435,400
Total Income: $1,679,400
St.Louis Blues
5 vs 5 Forward
Center Left Wing Right Wing Time % Phy DF OF
1 Robert Thomas Elias Pettersson Jake Guentzel 40 0 1 4
2 Claude Giroux Alex Tuch Mark Stone 30 0 2 3
3 Elias Lindholm Dakota Joshua Tage Thompson 25 0 3 2
4 Lars Eller Yanni Gourde Logan O'Connor 5 2 2 1
5 vs 5 Defense
Defense Defense Time % Phy DF OF
1 Colton Parayko Alex Pietrangelo 45 1 2 2
2 Jake Sanderson Jaccob Slavin 35 1 2 2
3 Mikhail Sergachev Nick Leddy 20 1 2 2
4 Alex Pietrangelo Colton Parayko 0 1 2 2
PowerPlay Forward
Center Left Wing Right Wing Time % Phy DF OF
1 Robert Thomas Elias Pettersson Jake Guentzel 60 1 0 4
2 Elias Lindholm Dakota Joshua Mark Stone 40 1 0 4
PowerPlay Defense
Defense Defense Time % Phy DF OF
1 Tage Thompson Claude Giroux 60 0 1 4
2 Alex Tuch Alex Pietrangelo 40 0 1 4
Penalty Kill 4 Players Forward
Center Wing Time % Phy DF OF
1 Lars Eller Logan O'Connor 50 1 4 0
2 Elias Lindholm Dakota Joshua 50 1 4 0
Penalty Kill 4 Players Defense
Defense Defense Time % Phy DF OF
1 Jake Sanderson Colton Parayko 50 1 4 0
2 Jaccob Slavin Nick Leddy 50 1 4 0
Penalty Kill - 3 Players Forward
Forward Time % Phy DF OF
1 Elias Lindholm 50 0 5 0
2 Lars Eller 50 0 5 0
Penalty Kill - 3 Players Defense
Defense Defense Time % Phy DF OF
1 Jake Sanderson Colton Parayko 50 0 5 0
2 Nick Leddy Jaccob Slavin 50 0 5 0
4 vs 4 Forward
Center Wing Time % Phy DF OF
1 Robert Thomas Elias Pettersson 50 0 2 3
2 Claude Giroux Jake Guentzel 50 0 2 3
4 vs 4 Defense
Defense Defense Time % Phy DF OF
1 Jake Sanderson Alex Pietrangelo 50 0 3 2
2 Colton Parayko Mikhail Sergachev 50 0 3 2
Last Minutes Offensive
Center Left Wing Right Wing Defense Defense
Robert Thomas Elias Pettersson Jake Guentzel Tage Thompson Claude Giroux
Last Minutes Defensive
Center Left Wing Right Wing Defense Defense
Lars Eller Logan O'Connor Elias Lindholm Jake Sanderson Colton Parayko
Goaltenders
Starting : Connor Hellebuyck
Backup : Scott Wedgewood
Extra Forwards
Normal : Robert Thomas, Mark Stone, Tage Thompson - PP : Mark Stone, Dakota Joshua - PK : Robert Thomas
Extra Defensemen
Normal : Jake Sanderson, Mikhail Sergachev, Colton Parayko - PP : Mikhail Sergachev - PK : Jaccob Slavin, Nick Leddy
Penalty Shots
Elias Pettersson, Tage Thompson, Alex Tuch, Robert Thomas, Jake Guentzel
Scratches
Jack Eichel (Lower Body Injury), Colin Blackwell (Healthy), Adam Pelech (Healthy)
Tampa Bay Lightning
5 vs 5 Forward
Center Left Wing Right Wing Time % Phy DF OF
1 Anze Kopitar Kirill Kaprizov Jonathan Huberdeau 40 0 2 3
2 Roope Hintz Johnny Gaudreau Travis Konecny 38 0 3 2
3 Jason Dickinson Dylan Cozens Trevor Moore 12 0 2 3
4 Alexander Kerfoot Jack Roslovic Gustav Nyquist 10 0 2 3
5 vs 5 Defense
Defense Defense Time % Phy DF OF
1 Moritz Seider Hampus Lindholm 40 1 2 2
2 Michael Matheson Darnell Nurse 35 1 2 2
3 Brent Burns TJ Brodie 25 1 2 2
4 Michael Matheson Brent Burns 0 1 2 2
PowerPlay Forward
Center Left Wing Right Wing Time % Phy DF OF
1 Roope Hintz Johnny Gaudreau Gustav Nyquist 50 1 2 2
2 Anze Kopitar Kirill Kaprizov Travis Konecny 50 1 2 2
PowerPlay Defense
Defense Defense Time % Phy DF OF
1 Michael Matheson Moritz Seider 50 1 2 2
2 Darnell Nurse Brent Burns 50 1 2 2
Penalty Kill 4 Players Forward
Center Wing Time % Phy DF OF
1 Jason Dickinson Trevor Moore 50 1 2 2
2 Dylan Cozens Alexander Kerfoot 50 1 2 2
Penalty Kill 4 Players Defense
Defense Defense Time % Phy DF OF
1 Moritz Seider Brent Burns 50 1 2 2
2 Michael Matheson Hampus Lindholm 50 1 2 2
Penalty Kill - 3 Players Forward
Forward Time % Phy DF OF
1 Anze Kopitar 50 1 2 2
2 Jason Dickinson 50 1 2 2
Penalty Kill - 3 Players Defense
Defense Defense Time % Phy DF OF
1 Michael Matheson Darnell Nurse 50 1 2 2
2 Moritz Seider Brent Burns 50 1 2 2
4 vs 4 Forward
Center Wing Time % Phy DF OF
1 Anze Kopitar Kirill Kaprizov 50 1 2 2
2 Dylan Cozens Travis Konecny 50 1 2 2
4 vs 4 Defense
Defense Defense Time % Phy DF OF
1 Michael Matheson Brent Burns 50 1 2 2
2 Moritz Seider Hampus Lindholm 50 1 2 2
Last Minutes Offensive
Center Left Wing Right Wing Defense Defense
Anze Kopitar Kirill Kaprizov Travis Konecny Michael Matheson Moritz Seider
Last Minutes Defensive
Center Left Wing Right Wing Defense Defense
Anze Kopitar Jason Dickinson Alexander Kerfoot Moritz Seider Michael Matheson
Goaltenders
Starting : Jeremy Swayman
Backup : Darcy Kuemper
Extra Forwards
Normal : Travis Konecny, Anze Kopitar, Trevor Moore - PP : Jonathan Huberdeau, Trevor Moore - PK : Anze Kopitar
Extra Defensemen
Normal : Brent Burns, Michael Matheson, Moritz Seider - PP : Hampus Lindholm - PK : Darnell Nurse, Michael Matheson
Penalty Shots
Trevor Moore, Gustav Nyquist, Alexander Kerfoot, Anze Kopitar, Jonathan Huberdeau
Scratches
None
% Time on Ice - St.Louis Blues
Lines # - Real PCT - Wanted PCT - Time Play
Normal Forward
1 - 39% - 40% - 17:14
2 - 29% - 30% - 12:35
3 - 19% - 25% - 8:18
4 - 14% - 5% - 5:58
Normal Defense
1 - 44% - 45% - 19:34
2 - 34% - 35% - 15:10
3 - 21% - 20% - 9:21
4 - 0% - 0% - 0:00
PP Forward
1 - 43% - 60% - 2:34
2 - 57% - 40% - 3:23
PP Defense
1 - 50% - 60% - 2:58
2 - 50% - 40% - 2:59
PK Forward
1 - 51% - 50% - 4:05
2 - 49% - 50% - 3:57
PK Defense
1 - 54% - 50% - 4:19
2 - 46% - 50% - 3:43
PK3 Forward
1 - 56% - 50% - 1:05
2 - 44% - 50% - 0:51
PK3 Defense
1 - 60% - 50% - 1:10
2 - 40% - 50% - 0:46
44 Forward
1 - 0% - 50%
2 - 0% - 50%
44 Defense
1 - 0% - 50%
2 - 0% - 50%
Last Minute Offensive - 0:00
Last Minute Defensive - 0:00
Total
Forward - 60:00
Defense - 60:00
|
% Time on Ice - Tampa Bay Lightning
Lines # - Real PCT - Wanted PCT - Time Play
Normal Forward
1 - 35% - 40% - 15:35
2 - 33% - 38% - 14:26
3 - 18% - 12% - 7:51
4 - 14% - 10% - 6:13
Normal Defense
1 - 42% - 40% - 18:21
2 - 36% - 35% - 15:45
3 - 23% - 25% - 9:59
4 - 0% - 0% - 0:00
PP Forward
1 - 50% - 50% - 4:59
2 - 50% - 50% - 4:59
PP Defense
1 - 47% - 50% - 4:43
2 - 53% - 50% - 5:15
PK Forward
1 - 54% - 50% - 3:14
2 - 46% - 50% - 2:43
PK Defense
1 - 52% - 50% - 3:05
2 - 48% - 50% - 2:52
PK3 Forward
1 - 0% - 50%
2 - 0% - 50%
PK3 Defense
1 - 0% - 50%
2 - 0% - 50%
44 Forward
1 - 0% - 50%
2 - 0% - 50%
44 Defense
1 - 0% - 50%
2 - 0% - 50%
Last Minute Offensive - 0:00
Last Minute Defensive - 0:00
Total
Forward - 60:00
Defense - 60:00
|
Play-by-Play
1st period
0:01 of 1st period - Anze Kopitar wins face-off versus Robert Thomas in neutral zone.
0:06 of 1st period - Slapshot by Jonathan Huberdeau.
0:06 of 1st period - Shot Misses the Net.
0:08 of 1st period - Backhand shot by Anze Kopitar.
0:08 of 1st period - Stopped by Connor Hellebuyck with a rebound.
0:14 of 1st period - Snap shot by Kirill Kaprizov.
0:14 of 1st period - Shot Hit the Post.
0:26 of 1st period - Hampus Lindholm is hit by Alex Tuch and loses puck.
1:11 of 1st period - Snap shot by Lars Eller.
1:11 of 1st period - Shot Misses the Net.
1:13 of 1st period - Slapshot by Mikhail Sergachev.
1:13 of 1st period - Shot Blocked by Alexander Kerfoot.
1:15 of 1st period - Slapshot by Alex Pietrangelo.
1:15 of 1st period - Stopped by Jeremy Swayman without a rebound.
1:16 of 1st period - Robert Thomas wins face-off versus Anze Kopitar in Tampa Bay Lightning zone.
1:17 of 1st period - Slapshot by Elias Pettersson.
1:17 of 1st period - Deflect By Jake Guentzel.
1:17 of 1st period - Shot Misses the Net.
1:17 of 1st period - Puck is out of play.
1:18 of 1st period - Anze Kopitar wins face-off versus Robert Thomas in Tampa Bay Lightning zone.
1:25 of 1st period - Snap shot by Kirill Kaprizov.
1:25 of 1st period - Shot Misses the Net.
1:27 of 1st period - Slapshot by Brent Burns.
1:27 of 1st period - Shot Misses the Net.
1:31 of 1st period - Wrist shot by Kirill Kaprizov.
1:31 of 1st period - Stopped by Connor Hellebuyck without a rebound.
1:32 of 1st period - Claude Giroux wins face-off versus Travis Konecny in St.Louis Blues zone.
1:56 of 1st period - Minor Penalty to Alex Tuch for High sticking.
1:57 of 1st period - Roope Hintz wins face-off versus Lars Eller in St.Louis Blues zone.
2:06 of 1st period - Wrist shot by Roope Hintz.
2:06 of 1st period - Shot Blocked by Lars Eller.
2:08 of 1st period - Wrist shot by Gustav Nyquist.
2:08 of 1st period - Shot Misses the Net.
2:10 of 1st period - Slapshot by Michael Matheson.
2:10 of 1st period - Shot Blocked by Lars Eller.
2:34 of 1st period - Wrist shot by Travis Konecny.
2:34 of 1st period - Stopped by Connor Hellebuyck without a rebound.
2:35 of 1st period - Elias Lindholm wins face-off versus Roope Hintz in St.Louis Blues zone.
3:56 of 1st period - Penalty to Alex Tuch is over, Alex Tuch is back on ice.
4:05 of 1st period - Wrist shot by Trevor Moore.
4:05 of 1st period - Deflect By Jason Dickinson.
4:05 of 1st period - Stopped by Connor Hellebuyck without a rebound.
4:06 of 1st period - Jason Dickinson wins face-off versus Robert Thomas in St.Louis Blues zone.
4:33 of 1st period - Snap shot by Elias Pettersson.
4:33 of 1st period - Stopped by Jeremy Swayman without a rebound.
4:34 of 1st period - Elias Lindholm wins face-off versus Roope Hintz in Tampa Bay Lightning zone.
5:24 of 1st period - Darnell Nurse is hit by Elias Pettersson and loses puck.
5:40 of 1st period - Minor Penalty to Jason Dickinson for Boarding.
5:41 of 1st period - Robert Thomas wins face-off versus Anze Kopitar in Tampa Bay Lightning zone.
6:29 of 1st period - Alex Tuch is hit by Michael Matheson and loses puck.
6:58 of 1st period - Icing by Alex Pietrangelo.
6:59 of 1st period - Dylan Cozens wins face-off versus Elias Lindholm in St.Louis Blues zone.
7:40 of 1st period - Penalty to Jason Dickinson is over, Jason Dickinson is back on ice.
8:37 of 1st period - Jaccob Slavin is hit by Jonathan Huberdeau and loses puck.
8:57 of 1st period - Jake Sanderson is hit by TJ Brodie and loses puck.
9:10 of 1st period - Snap shot by Mark Stone.
9:10 of 1st period - Shot Misses the Net.
10:01 of 1st period - Wrist shot by Logan O'Connor.
10:01 of 1st period - Stopped by Jeremy Swayman with a rebound.
10:03 of 1st period - Snap shot by Logan O'Connor.
10:03 of 1st period - Stopped by Jeremy Swayman with a rebound.
10:13 of 1st period - Wrist shot by Jake Guentzel.
10:13 of 1st period - Stopped by Jeremy Swayman without a rebound.
10:14 of 1st period - Robert Thomas wins face-off versus Roope Hintz in Tampa Bay Lightning zone.
10:25 of 1st period - Wrist shot by Elias Pettersson.
10:25 of 1st period - Shot Blocked by Moritz Seider.
10:27 of 1st period - Slapshot by Mikhail Sergachev.
10:27 of 1st period - Stopped by Jeremy Swayman without a rebound.
10:28 of 1st period - Kirill Kaprizov wins face-off versus Claude Giroux in Tampa Bay Lightning zone.
10:30 of 1st period - Minor Penalty to Hampus Lindholm for Holding.
10:31 of 1st period - Robert Thomas wins face-off versus Dylan Cozens in Tampa Bay Lightning zone.
10:41 of 1st period - Darnell Nurse is hit by Elias Pettersson and loses puck.
11:06 of 1st period - Wrist shot by Elias Lindholm.
11:06 of 1st period - Shot Blocked by Michael Matheson.
11:08 of 1st period - Slapshot by Alex Pietrangelo.
11:08 of 1st period - Deflect By Mark Stone.
11:08 of 1st period - Stopped by Jeremy Swayman with a rebound.
11:10 of 1st period - Snap shot by Dakota Joshua.
11:10 of 1st period - Stopped by Jeremy Swayman without a rebound.
11:11 of 1st period - Elias Lindholm wins face-off versus Jason Dickinson in Tampa Bay Lightning zone.
11:28 of 1st period - Snap shot by Elias Lindholm.
11:28 of 1st period - Deflect By Jason Dickinson.
11:28 of 1st period - Stopped by Jeremy Swayman with a rebound.
12:20 of 1st period - Snap shot by Mark Stone.
12:20 of 1st period - Shot Misses the Net.
12:24 of 1st period - Wrist shot by Dakota Joshua.
12:24 of 1st period - Stopped by Jeremy Swayman with a rebound.
12:26 of 1st period - Slapshot by Alex Pietrangelo.
12:26 of 1st period - Shot Misses the Net.
12:28 of 1st period - Snap shot by Elias Lindholm.
12:28 of 1st period - Shot Misses the Net.
12:30 of 1st period - Penalty to Hampus Lindholm is over, Hampus Lindholm is back on ice.
12:30 of 1st period - Slapshot by Alex Tuch.
12:30 of 1st period - Deflect By Mark Stone.
12:30 of 1st period - Shot Misses the Net.
12:30 of 1st period - Puck is out of play.
12:31 of 1st period - Jonathan Huberdeau wins face-off versus Robert Thomas in Tampa Bay Lightning zone.
12:40 of 1st period - Wrist shot by Robert Thomas.
12:40 of 1st period - Stopped by Jeremy Swayman with a rebound.
13:06 of 1st period - Lars Eller is hit by Travis Konecny and loses puck.
13:29 of 1st period - Wrist shot by Gustav Nyquist.
13:29 of 1st period - Stopped by Connor Hellebuyck with a rebound.
13:31 of 1st period - Snap shot by Kirill Kaprizov.
13:31 of 1st period - Shot Misses the Net.
14:07 of 1st period - Darnell Nurse is hit by Logan O'Connor and loses puck.
15:06 of 1st period - Snap shot by Jason Dickinson.
15:06 of 1st period - Stopped by Connor Hellebuyck with a rebound.
15:08 of 1st period - Snap shot by Jason Dickinson.
15:08 of 1st period - Shot Misses the Net.
15:46 of 1st period - Icing by Brent Burns.
15:47 of 1st period - Robert Thomas wins face-off versus Johnny Gaudreau in Tampa Bay Lightning zone.
15:50 of 1st period - Wrist shot by Jake Guentzel.
15:50 of 1st period - Stopped by Jeremy Swayman without a rebound.
15:51 of 1st period - Roope Hintz wins face-off versus Robert Thomas in Tampa Bay Lightning zone.
16:16 of 1st period - Robert Thomas is hit by Moritz Seider and loses puck.
16:33 of 1st period - Wrist shot by Jake Guentzel.
16:33 of 1st period - Shot Misses the Net.
16:35 of 1st period - Snap shot by Robert Thomas.
16:35 of 1st period - Shot Misses the Net.
16:37 of 1st period - Wrist shot by Robert Thomas.
16:37 of 1st period - Stopped by Jeremy Swayman with a rebound.
16:39 of 1st period - Snap shot by Robert Thomas.
16:39 of 1st period - Stopped by Jeremy Swayman with a rebound.
16:41 of 1st period - Slapshot by Alex Pietrangelo.
16:41 of 1st period - Stopped by Jeremy Swayman without a rebound.
16:42 of 1st period - Claude Giroux wins face-off versus Anze Kopitar in Tampa Bay Lightning zone.
17:44 of 1st period - Minor Penalty to Logan O'Connor for Tripping.
17:45 of 1st period - Anze Kopitar wins face-off versus Elias Lindholm in St.Louis Blues zone.
18:11 of 1st period - Robert Thomas is hit by Roope Hintz and loses puck.
19:20 of 1st period - Michael Matheson is hit by Elias Pettersson and loses puck.
19:35 of 1st period - Elias Pettersson is hit by Travis Konecny and loses puck.
19:44 of 1st period - Penalty to Logan O'Connor is over, Logan O'Connor is back on ice.
Goals for this period are 0 for St.Louis Blues vs 0 for Tampa Bay Lightning.
Shots for this period are 15 for St.Louis Blues vs 6 for Tampa Bay Lightning.
2nd period
0:01 of 2nd period - Robert Thomas wins face-off versus Anze Kopitar in neutral zone.
0:14 of 2nd period - Wrist shot by Jonathan Huberdeau.
0:14 of 2nd period - Stopped by Connor Hellebuyck with a rebound.
0:41 of 2nd period - Jake Guentzel is hit by Johnny Gaudreau and loses puck.
1:00 of 2nd period - Wrist shot by Elias Pettersson.
1:00 of 2nd period - Stopped by Jeremy Swayman without a rebound.
1:01 of 2nd period - Anze Kopitar wins face-off versus Claude Giroux in Tampa Bay Lightning zone.
1:06 of 2nd period - Wrist shot by Anze Kopitar.
1:06 of 2nd period - Stopped by Connor Hellebuyck without a rebound.
1:07 of 2nd period - Anze Kopitar wins face-off versus Claude Giroux in St.Louis Blues zone.
1:33 of 2nd period - Claude Giroux is hit by Travis Konecny and loses puck.
2:04 of 2nd period - Snap shot by Tage Thompson.
2:04 of 2nd period - Shot Misses the Net.
2:48 of 2nd period - Alexander Kerfoot is hit by Colton Parayko and loses puck.
3:12 of 2nd period - Wrist shot by Alexander Kerfoot.
3:12 of 2nd period - Shot Blocked by Alex Pietrangelo.
3:14 of 2nd period - Slapshot by Darnell Nurse.
3:14 of 2nd period - Deflect By Gustav Nyquist.
3:14 of 2nd period - Stopped by Connor Hellebuyck without a rebound.
3:15 of 2nd period - Anze Kopitar wins face-off versus Elias Lindholm in St.Louis Blues zone.
3:18 of 2nd period - Wrist shot by Anze Kopitar.
3:18 of 2nd period - Shot Misses the Net.
3:20 of 2nd period - Slapshot by Moritz Seider.
3:20 of 2nd period - Shot Misses the Net.
3:32 of 2nd period - Wrist shot by Kirill Kaprizov.
3:32 of 2nd period - Stopped by Connor Hellebuyck with a rebound.
3:49 of 2nd period - Snap shot by Roope Hintz.
3:49 of 2nd period - Stopped by Connor Hellebuyck with a rebound.
3:51 of 2nd period - Wrist shot by Roope Hintz.
3:51 of 2nd period - Shot Blocked by Jake Sanderson.
3:53 of 2nd period - Slapshot by Moritz Seider.
3:53 of 2nd period - Stopped by Connor Hellebuyck with a rebound.
4:23 of 2nd period - Snap shot by Lars Eller.
4:23 of 2nd period - Shot Misses the Net.
4:27 of 2nd period - Slapshot by Logan O'Connor.
4:27 of 2nd period - Stopped by Jeremy Swayman without a rebound.
4:28 of 2nd period - Roope Hintz wins face-off versus Lars Eller in Tampa Bay Lightning zone.
4:45 of 2nd period - Colton Parayko is hit by Travis Konecny and loses puck.
5:46 of 2nd period - Snap shot by Elias Lindholm.
5:46 of 2nd period - Stopped by Jeremy Swayman with a rebound.
5:48 of 2nd period - Snap shot by Elias Lindholm.
5:48 of 2nd period - Stopped by Jeremy Swayman with a rebound.
6:00 of 2nd period - Wrist shot by Johnny Gaudreau.
6:00 of 2nd period - Stopped by Connor Hellebuyck with a rebound.
6:02 of 2nd period - Wrist shot by Johnny Gaudreau.
6:02 of 2nd period - Shot Blocked by Colton Parayko.
6:04 of 2nd period - Snap shot by TJ Brodie.
6:04 of 2nd period - Deflect By Roope Hintz.
6:04 of 2nd period - Shot Misses the Net.
6:04 of 2nd period - Puck is out of play.
6:05 of 2nd period - Robert Thomas wins face-off versus Anze Kopitar in St.Louis Blues zone.
6:46 of 2nd period - Colton Parayko is hit by Darnell Nurse.
7:09 of 2nd period - Snap shot by Elias Lindholm.
7:09 of 2nd period - Shot Misses the Net.
7:11 of 2nd period - Slapshot by Tage Thompson.
7:11 of 2nd period - Goal by Tage Thompson - St.Louis Blues : 1 - Tampa Bay Lightning : 0.
7:12 of 2nd period - Anze Kopitar wins face-off versus Robert Thomas in neutral zone.
7:42 of 2nd period - Off-side.
7:43 of 2nd period - Claude Giroux wins face-off versus Johnny Gaudreau in neutral zone.
7:50 of 2nd period - Mark Stone is hit by Johnny Gaudreau and loses puck.
8:03 of 2nd period - Snap shot by Roope Hintz.
8:03 of 2nd period - Goal by Roope Hintz - St.Louis Blues : 1 - Tampa Bay Lightning : 1.
8:04 of 2nd period - Anze Kopitar wins face-off versus Jake Guentzel in neutral zone.
8:07 of 2nd period - Colton Parayko is hit by Kirill Kaprizov and loses puck.
8:18 of 2nd period - Snap shot by Elias Pettersson.
8:18 of 2nd period - Stopped by Jeremy Swayman without a rebound.
8:19 of 2nd period - Roope Hintz wins face-off versus Elias Lindholm in Tampa Bay Lightning zone.
8:42 of 2nd period - Minor Penalty to Dakota Joshua for Tripping.
8:43 of 2nd period - Roope Hintz wins face-off versus Elias Lindholm in St.Louis Blues zone.
9:14 of 2nd period - Icing by Moritz Seider.
9:15 of 2nd period - Lars Eller wins face-off versus Anze Kopitar in Tampa Bay Lightning zone.
9:20 of 2nd period - Wrist shot by Lars Eller.
9:20 of 2nd period - Shot Misses the Net.
9:42 of 2nd period - Wrist shot by Anze Kopitar.
9:42 of 2nd period - Stopped by Connor Hellebuyck without a rebound.
9:43 of 2nd period - Roope Hintz wins face-off versus Elias Lindholm in St.Louis Blues zone.
9:44 of 2nd period - Snap shot by Johnny Gaudreau.
9:44 of 2nd period - Stopped by Connor Hellebuyck with a rebound.
10:42 of 2nd period - Penalty to Dakota Joshua is over, Dakota Joshua is back on ice.
11:16 of 2nd period - Wrist shot by Gustav Nyquist.
11:16 of 2nd period - Shot Misses the Net.
11:21 of 2nd period - Off-side.
11:22 of 2nd period - Anze Kopitar wins face-off versus Jake Guentzel in neutral zone.
11:31 of 2nd period - Snap shot by Jake Guentzel.
11:31 of 2nd period - Shot Misses the Net.
11:57 of 2nd period - Wrist shot by Mark Stone.
11:57 of 2nd period - Shot Blocked by Brent Burns.
12:16 of 2nd period - Wrist shot by Trevor Moore.
12:16 of 2nd period - Stopped by Connor Hellebuyck without a rebound.
12:17 of 2nd period - Anze Kopitar wins face-off versus Robert Thomas in St.Louis Blues zone.
12:50 of 2nd period - Hampus Lindholm is hit by Alex Tuch and loses puck.
13:10 of 2nd period - Dylan Cozens is hit by Jaccob Slavin and loses puck.
13:35 of 2nd period - Robert Thomas is hit by Alexander Kerfoot.
13:58 of 2nd period - Wrist shot by Anze Kopitar.
13:58 of 2nd period - Stopped by Connor Hellebuyck with a rebound.
14:04 of 2nd period - Slapshot by Kirill Kaprizov.
14:04 of 2nd period - Deflect By Logan O'Connor.
14:04 of 2nd period - Stopped by Connor Hellebuyck with a rebound.
14:23 of 2nd period - Dakota Joshua is hit by Hampus Lindholm and loses puck.
14:48 of 2nd period - Snap shot by Elias Pettersson.
14:48 of 2nd period - Shot Misses the Net.
15:52 of 2nd period - Wrist shot by Johnny Gaudreau.
15:52 of 2nd period - Stopped by Connor Hellebuyck without a rebound.
15:53 of 2nd period - Claude Giroux wins face-off versus Roope Hintz in St.Louis Blues zone.
15:53 of 2nd period - Mark Stone is hit by Michael Matheson and loses puck.
16:00 of 2nd period - Snap shot by Johnny Gaudreau.
16:00 of 2nd period - Deflect By Roope Hintz.
16:00 of 2nd period - Shot Misses the Net.
16:00 of 2nd period - Puck is out of play.
16:01 of 2nd period - Claude Giroux wins face-off versus Roope Hintz in St.Louis Blues zone.
16:20 of 2nd period - Wrist shot by Travis Konecny.
16:20 of 2nd period - Shot Misses the Net.
16:22 of 2nd period - Snap shot by Darnell Nurse.
16:22 of 2nd period - Stopped by Connor Hellebuyck without a rebound.
16:23 of 2nd period - Robert Thomas wins face-off versus Kirill Kaprizov in St.Louis Blues zone.
16:29 of 2nd period - Brent Burns is hit by Colton Parayko and loses puck.
16:38 of 2nd period - Wrist shot by Anze Kopitar.
16:38 of 2nd period - Stopped by Connor Hellebuyck without a rebound.
16:38 of 2nd period - Minor Penalty to Connor Hellebuyck for Slashing.
16:39 of 2nd period - Elias Lindholm wins face-off versus Roope Hintz in St.Louis Blues zone.
16:41 of 2nd period - Minor Penalty to Dakota Joshua for Slashing.
16:42 of 2nd period - Roope Hintz wins face-off versus Elias Lindholm in St.Louis Blues zone.
17:28 of 2nd period - Lars Eller is hit by Michael Matheson.
18:38 of 2nd period - Penalty to Elias Pettersson is over, Elias Pettersson is back on ice.
18:41 of 2nd period - Penalty to Dakota Joshua is over, Dakota Joshua is back on ice.
18:52 of 2nd period - Snap shot by Dylan Cozens.
18:52 of 2nd period - Shot Blocked by Elias Pettersson.
18:58 of 2nd period - Wrist shot by Elias Pettersson.
18:58 of 2nd period - Shot Blocked by Brent Burns.
19:00 of 2nd period - Slapshot by Nick Leddy.
19:00 of 2nd period - Shot Blocked by Brent Burns.
19:02 of 2nd period - Wrist shot by Elias Pettersson.
19:02 of 2nd period - Shot Blocked by Brent Burns.
19:04 of 2nd period - Snap shot by Elias Lindholm.
19:04 of 2nd period - Shot Blocked by Jason Dickinson.
19:06 of 2nd period - Slapshot by Elias Lindholm.
19:06 of 2nd period - Stopped by Jeremy Swayman without a rebound.
19:07 of 2nd period - Alexander Kerfoot wins face-off versus Claude Giroux in Tampa Bay Lightning zone.
19:13 of 2nd period - Off-side.
19:14 of 2nd period - Claude Giroux wins face-off versus Gustav Nyquist in neutral zone.
19:33 of 2nd period - Slapshot by Mark Stone.
19:33 of 2nd period - Stopped by Jeremy Swayman without a rebound.
19:34 of 2nd period - Elias Pettersson wins face-off versus Anze Kopitar in Tampa Bay Lightning zone.
Goals for this period are 1 for St.Louis Blues vs 1 for Tampa Bay Lightning.
Shots for this period are 8 for St.Louis Blues vs 16 for Tampa Bay Lightning.
3rd period
0:01 of 3rd period - Anze Kopitar wins face-off versus Robert Thomas in neutral zone.
0:14 of 3rd period - Snap shot by Kirill Kaprizov.
0:14 of 3rd period - Stopped by Connor Hellebuyck with a rebound.
0:16 of 3rd period - Wrist shot by Anze Kopitar.
0:16 of 3rd period - Goal by Anze Kopitar - St.Louis Blues : 1 - Tampa Bay Lightning : 2.
0:17 of 3rd period - Anze Kopitar wins face-off versus Robert Thomas in neutral zone.
0:30 of 3rd period - Slapshot by Jake Guentzel.
0:30 of 3rd period - Stopped by Jeremy Swayman without a rebound.
0:31 of 3rd period - Anze Kopitar wins face-off versus Robert Thomas in Tampa Bay Lightning zone.
0:31 of 3rd period - Anze Kopitar is hit by Robert Thomas.
0:57 of 3rd period - Jake Guentzel is hit by Jason Dickinson and loses puck.
1:20 of 3rd period - Wrist shot by Elias Pettersson.
1:20 of 3rd period - Shot Misses the Net.
1:22 of 3rd period - Slapshot by Jaccob Slavin.
1:22 of 3rd period - Stopped by Jeremy Swayman without a rebound.
1:23 of 3rd period - Elias Lindholm wins face-off versus Anze Kopitar in Tampa Bay Lightning zone.
1:40 of 3rd period - Snap shot by Kirill Kaprizov.
1:40 of 3rd period - Stopped by Connor Hellebuyck without a rebound.
1:41 of 3rd period - Roope Hintz wins face-off versus Claude Giroux in St.Louis Blues zone.
1:50 of 3rd period - Snap shot by Travis Konecny.
1:50 of 3rd period - Shot Misses the Net.
1:52 of 3rd period - Slapshot by Johnny Gaudreau.
1:52 of 3rd period - Stopped by Connor Hellebuyck without a rebound.
1:53 of 3rd period - Anze Kopitar wins face-off versus Robert Thomas in St.Louis Blues zone.
2:05 of 3rd period - Off-side.
2:06 of 3rd period - Robert Thomas wins face-off versus Anze Kopitar in neutral zone.
2:33 of 3rd period - Travis Konecny is hit by Alex Pietrangelo and loses puck.
2:38 of 3rd period - Snap shot by Tage Thompson.
2:38 of 3rd period - Stopped by Jeremy Swayman with a rebound.
2:40 of 3rd period - Slapshot by Jake Sanderson.
2:40 of 3rd period - Deflect By Tage Thompson.
2:40 of 3rd period - Stopped by Jeremy Swayman without a rebound.
2:41 of 3rd period - Claude Giroux wins face-off versus Roope Hintz in Tampa Bay Lightning zone.
2:50 of 3rd period - Snap shot by Roope Hintz.
2:50 of 3rd period - Shot Misses the Net.
2:52 of 3rd period - Slapshot by Johnny Gaudreau.
2:52 of 3rd period - Stopped by Connor Hellebuyck without a rebound.
2:53 of 3rd period - Anze Kopitar wins face-off versus Elias Lindholm in St.Louis Blues zone.
3:04 of 3rd period - Tage Thompson is hit by Jonathan Huberdeau and loses puck.
3:24 of 3rd period - Slapshot by Michael Matheson.
3:24 of 3rd period - Shot Misses the Net.
3:26 of 3rd period - Wrist shot by Roope Hintz.
3:26 of 3rd period - Goal by Roope Hintz - St.Louis Blues : 1 - Tampa Bay Lightning : 3.
3:27 of 3rd period - Claude Giroux wins face-off versus Anze Kopitar in neutral zone.
3:54 of 3rd period - Hampus Lindholm is hit by Dakota Joshua and loses puck.
4:18 of 3rd period - Snap shot by Jonathan Huberdeau.
4:18 of 3rd period - Stopped by Connor Hellebuyck without a rebound.
4:19 of 3rd period - Roope Hintz wins face-off versus Robert Thomas in St.Louis Blues zone.
4:20 of 3rd period - Slapshot by Johnny Gaudreau.
4:20 of 3rd period - Shot Blocked by Colton Parayko.
4:26 of 3rd period - Snap shot by Robert Thomas.
4:26 of 3rd period - Shot Misses the Net.
4:28 of 3rd period - Slapshot by Jake Guentzel.
4:28 of 3rd period - Stopped by Jeremy Swayman with a rebound.
4:42 of 3rd period - Minor Penalty to Travis Konecny for Holding.
4:43 of 3rd period - Robert Thomas wins face-off versus Dylan Cozens in Tampa Bay Lightning zone.
5:10 of 3rd period - Tage Thompson is hit by Jason Dickinson and loses puck.
6:09 of 3rd period - Alex Tuch is hit by Brent Burns.
6:42 of 3rd period - Penalty to Travis Konecny is over, Travis Konecny is back on ice.
6:55 of 3rd period - Snap shot by Yanni Gourde.
6:55 of 3rd period - Stopped by Jeremy Swayman with a rebound.
6:59 of 3rd period - Slapshot by Jake Sanderson.
6:59 of 3rd period - Deflect By Yanni Gourde.
6:59 of 3rd period - Stopped by Jeremy Swayman with a rebound.
7:01 of 3rd period - Wrist shot by Jaccob Slavin.
7:01 of 3rd period - Stopped by Jeremy Swayman with a rebound.
7:03 of 3rd period - Slapshot by Jaccob Slavin.
7:03 of 3rd period - Stopped by Jeremy Swayman without a rebound.
7:04 of 3rd period - Lars Eller wins face-off versus Roope Hintz in Tampa Bay Lightning zone.
7:30 of 3rd period - Kirill Kaprizov is hit by Jaccob Slavin and loses puck.
7:54 of 3rd period - Off-side.
7:55 of 3rd period - Robert Thomas wins face-off versus Jason Dickinson in neutral zone.
8:22 of 3rd period - Brent Burns is hit by Alex Tuch and loses puck.
8:53 of 3rd period - Tage Thompson is hit by Kirill Kaprizov and loses puck.
9:51 of 3rd period - Icing by Darnell Nurse.
9:52 of 3rd period - Roope Hintz wins face-off versus Robert Thomas in Tampa Bay Lightning zone.
9:52 of 3rd period - Roope Hintz is hit by Elias Pettersson.
10:28 of 3rd period - Icing by Jake Sanderson.
10:29 of 3rd period - Claude Giroux wins face-off versus Anze Kopitar in St.Louis Blues zone.
10:42 of 3rd period - Snap shot by Alex Tuch.
10:42 of 3rd period - Stopped by Jeremy Swayman without a rebound.
10:43 of 3rd period - Roope Hintz wins face-off versus Robert Thomas in Tampa Bay Lightning zone.
11:09 of 3rd period - Hampus Lindholm is hit by Alex Pietrangelo and loses puck.
12:40 of 3rd period - Wrist shot by Kirill Kaprizov.
12:40 of 3rd period - Stopped by Connor Hellebuyck without a rebound.
12:41 of 3rd period - Claude Giroux wins face-off versus Anze Kopitar in St.Louis Blues zone.
13:16 of 3rd period - Slapshot by Claude Giroux.
13:16 of 3rd period - Deflect By Mark Stone.
13:16 of 3rd period - Shot Blocked by Kirill Kaprizov.
13:16 of 3rd period - Puck is out of play.
13:17 of 3rd period - Roope Hintz wins face-off versus Robert Thomas in Tampa Bay Lightning zone.
13:17 of 3rd period - Roope Hintz is hit by Robert Thomas.
14:02 of 3rd period - Trevor Moore is hit by Lars Eller and loses puck.
14:06 of 3rd period - Icing by Michael Matheson.
14:07 of 3rd period - Lars Eller wins face-off versus Jason Dickinson in Tampa Bay Lightning zone.
14:26 of 3rd period - Slapshot by Trevor Moore.
14:26 of 3rd period - Deflect By Dylan Cozens.
14:26 of 3rd period - Shot Misses the Net.
14:26 of 3rd period - Puck is out of play.
14:27 of 3rd period - Anze Kopitar wins face-off versus Robert Thomas in St.Louis Blues zone.
14:32 of 3rd period - Slapshot by Kirill Kaprizov.
14:32 of 3rd period - Shot Blocked by Mikhail Sergachev.
15:14 of 3rd period - Minor Penalty to Alex Tuch for Tripping.
15:15 of 3rd period - Elias Lindholm wins face-off versus Gustav Nyquist in St.Louis Blues zone.
17:14 of 3rd period - Penalty to Alex Tuch is over, Alex Tuch is back on ice.
17:59 of 3rd period - Moritz Seider is hit by Alex Tuch and loses puck.
18:08 of 3rd period - Nick Leddy is hit by Darnell Nurse and loses puck.
18:52 of 3rd period - Snap shot by Elias Pettersson.
18:52 of 3rd period - Shot Hit the Post.
Goals for this period are 0 for St.Louis Blues vs 2 for Tampa Bay Lightning.
Shots for this period are 10 for St.Louis Blues vs 8 for Tampa Bay Lightning.
Back to the Top